 Dungeon Crawl Stone Soup version 0.30.0-29-ga12c61a403 (webtiles) character file.

Game seed: 18372834114662182185

79452 qw the Severer (level 15, 0/89 HPs)
             Began as a Gargoyle Fighter on June 3, 2023.
             Was a High Priest of Okawaru.
             Slain by a chaos spawn (2 damage)
             ... on level 3 of the Abyss.
             The game lasted 00:11:22 (20761 turns).

qw the Severer (Gargoyle Fighter)                  Turns: 20761, Time: 00:11:23

Health: 0/89       AC: 50    Str: 29      XL:     15   Next: 63%
Magic:  20/22      EV: 15    Int: 11 (15) God:    Okawaru [*****.]
Gold:   1166       SH:  0    Dex:  9      Spells: 14/14 levels left

rFire   + + +        c - +12 war axe of Moakoo {flame, rF++ Stlth+}
rCold   . . .        C - +1 buckler {AC+3}
rNeg    + . .        h - +8 chain mail of Monn {rF+}
rPois   inf          f - +0 helmet
rElec   +            g - +3 cloak of Insecurity {Int+5}
rCorr   +            j - +2 pair of gloves
SInv    .            e - +2 pair of boots
Will    +....        A - amulet of regeneration Stlth
                     s - ring of Existentialism {rCorr EV+5 Str+3}
HPRegen 1.14/turn    t - +4 ring of protection
MPRegen 0.18/turn

%: no passive effects
@: confused, flying, hasted, very quick
A: sickness immunity, AC +11, big wings, negative energy resistance 1,
electricity resistance, torment resistance 1, petrification resistance,
deterioration 1, frail 1
a: Renounce Religion, Heroism, Finesse, Duel


You were on level 3 of the Abyss.
You worshipped Okawaru.
Okawaru was extremely pleased with you.
You visited 2 branches of the dungeon, and saw 20 of its levels.
You visited the Abyss 1 time.
You also visited: Ossuary and Gauntlet.

You collected 1510 gold pieces.
You spent 344 gold pieces at shops.


Innate Abilities, Weirdness & Mutations

You are immune to sickness and miasma.
Your stone body is resilient. (AC +11)
You are immune to poison.
Your large and strong wings let you fly.
You resist negative energy. (rN+)
You are resistant to electric shocks. (rElec)
You are resistant to unholy torment.
You are immune to petrification.
Your body sometimes deteriorates upon taking damage.
You are frail. (-10% HP)


   Skills:
 - Level 13.2 Fighting
 - Level 16.7 Axes
 - Level 7.1 Throwing
 + Level 10.0 Armour
 - Level 4.0 Dodging
 - Level 9.0 Shields
 - Level 10.0 Invocations


You had 14 spell levels left.
You didn't know any spells.
Your spell library was empty.

Inventory:

Hand Weapons
 c - the +12 war axe of Moakoo (weapon) {flame, rF++ Stlth+}
   (You found it on level 14 of the Dungeon)

   rF:        It greatly protects you from fire.
   Stlth:     It makes you more stealthy.
Missiles
 l - 7 boomerangs
 x - 8 javelins (quivered)
Armour
 e - a +2 pair of boots (worn)
 f - a +0 helmet (worn)
 g - the +3 cloak of Insecurity (worn) {Int+5}
   (You found it in a Gauntlet)

   Int:       It affects your intelligence (+5).
 h - the +8 chain mail of Monn (worn) {rF+}
   (You found it on level 14 of the Dungeon)

   rF:        It protects you from fire.
 j - a +2 pair of gloves (worn)
 v - +0 acid dragon scales
 C - a +1 buckler of protection (worn)
Jewellery
 s - the ring of Existentialism (left hand) {rCorr EV+5 Str+3}
   (You found it in a Gauntlet)

   [ring of evasion]

   EV:        It affects your evasion (+5).
   Str:       It affects your strength (+3).
   rCorr:     It protects you from acid and corrosion.
 t - a +4 ring of protection (right hand)
 w - a ring of protection from cold
 A - an amulet of regeneration (around neck)
Scrolls
 b - 3 scrolls of teleportation
 m - 8 scrolls of identify
Potions
 d - 3 potions of might
 i - 5 potions of lignification
 k - 2 potions of resistance
 n - a potion of attraction
 o - a potion of magic
 q - 5 potions of mutation
 r - 2 potions of haste

Dungeon Overview and Level Annotations

Branches:
Dungeon (15/15)            Temple (0/1) D:5            Lair (5/5) D:8
 Shoals (0/4) Lair:3       Spider (0/4) Lair:2        Slime (0/5) Lair:4
    Orc (0/2) D:10         Vaults (0/5) D:13        Ossuary (visited)
Gauntlet (visited)
 Depths: D:15

Altars:
Ashenzari
Dithmenos
Fedhas
Gozag
Kikubaaqudgha
Nemelex Xobeh
Okawaru
Ru
Sif Muna
Uskayaw
Vehumet
Wu Jian
Xom
Yredelemnul
Zin
The Shining One

Shops:
D:7 *=*(   D:8 [   D:11 *(

Annotations:
D:3 Eustachio
D:5 2 runed translucent doors


Message History

You are more confused.
The golden eye blinks!
The chaos spawn gores you but does no damage.
The large abomination hits you. The golden eye blinks at you.
You resist with almost no effort. The neqoxec barely misses you.
The large abomination hits you. The golden eye blinks at you.
You resist with almost no effort.
The golden eye blinks!
The chaos spawn gores you but does no damage.
The large abomination hits you. The golden eye blinks at you.
You easily resist.
The neqoxec closely misses you. The large abomination hits you!!
The ancient zyme closely misses you. The ancient zyme barely misses you.
The golden eye blinks at you.
You easily resist.
The chaos spawn closely misses you. The large abomination hits you.
The neqoxec gestures at you.
Strange energies course through your body.
You feel frail.
The large abomination hits you but does no damage.
The golden eye blinks at you. You resist with some effort.
The ancient zyme hits you but does no damage. x2
The golden eye blinks at you.
You are more confused.
The chaos spawn hits you but does no damage.
The golden eye blinks at you.
You are more confused.
The golden eye blinks at you. You resist with some effort.
The neqoxec hits you but does no damage.
The ancient zyme misses you.
The ancient zyme hits you but does no damage.
The large abomination misses you. x2
The golden eye blinks at you. You resist with almost no effort.
The chaos spawn hits you!
You are engulfed in flames.
You resist.
You die...

#.. . .. #.... .
¤ #... ¤ #
###..## ##
#..... .~~##
#..... .~~.~.
.##..Gx##..G.~.
......3@X..#. ~
.#....X4G....# .
......G#........
..#.... .......
#..#... ...##..
..#..#. .... .
.#..#.. ........
#..... ....#. #
. . . ..


You could see an ancient zyme, 2 large abominations, a neqoxec, a chaos spawn
and 4 golden eyes.

Vanquished Creatures
  A minotaur (Gauntlet)
  Fannar (D:11)
  4 vault guards (D:13)
  4 hydras
  5 boulder beetles
  An anaconda (shapeshifter) (D:14)
  3 centaur warriors
  6 two-headed ogres
  A tengu warrior (D:13)
  2 death scarabs (Gauntlet)
  9 death yaks
  Urug (Lair:5)
  4 skysharks
  A skeletal warrior (D:13)
  A wolf spider (Gauntlet)
  17 ugly things
  3 deep elf pyromancers
  2 oklob plants (Lair:3)
  5 cyclopes
  4 manticores
  13 elephants
  A moth of wrath (Gauntlet)
  7 black mambas
  A gargoyle (D:13)
  8 cane toads
  A komodo dragon (shapeshifter) (D:14)
  An unseen horror (D:12)
  4 kobold demonologists
  A redback zombie (D:13)
  6 komodo dragons
  3 tengu conjurers
  4 meliai (D:13)
  6 trolls
  9 polar bears (Lair:5)
  A wind drake (Lair:3)
  3 raiju (Lair:5)
  2 blink frogs (Lair:4)
  Prince Ribbit (D:7)
  A dream sheep (Lair:5)
  A spectral black mamba (Gauntlet)
  3 wraiths
  3 shadows
  A slime creature (D:13)
  32 yaks
  4 vampires
  2 wyverns
  A spectral komodo dragon (Gauntlet)
  A basilisk (Lair:5)
  A golden eye (Abyss:3)
  5 redbacks
  7 vampire mosquitoes
  Menkaure (D:7)
  3 steam dragons (D:9)
  4 wargs (Lair:5)
  5 acid dragons
  14 hell hounds (Lair:5)
  14 water moccasins
  2 ice beasts
  7 orc warriors
  A sky beast (D:6)
  13 black bears
  11 centaurs
  16 wolves
  An ogre (D:5)
  A phantom (D:6)
  5 kobold brigands
  7 bullfrogs
  3 gnoll sergeants (D:9)
  4 wights
  3 wyvern zombies (Ossuary)
  2 water moccasin zombies (Ossuary)
  12 killer bees
  4 electric eels (D:6)
  2 howler monkeys
  9 centaur zombies
  3 bullfrog zombies (Ossuary)
  2 hounds
  A gnoll bouda (D:8)
  13 orc priests
  9 jellies
  4 iguanas
  2 sleepcaps
  6 hell rats (Lair:2)
  8 orc wizards
  16 mummies (Ossuary)
  4 gnolls (D:8)
  3 howler monkey zombies (Ossuary)
  5 adders
  A shadow imp (D:8)
  13 white imps
  2 ufetubi (D:7)
  5 worms
  A dart slug (D:2)
  31 orcs
  5 ball pythons
  9 endoplasms
  6 giant cockroaches
  4 goblins
  9 hobgoblins
  4 jackals (D:2)
  22 kobolds
  4 quokkas
  4 bats
  5 frilled lizards
  8 rats
562 creatures vanquished.

Vanquished Creatures (others)
  A killer bee (D:9)
1 creature vanquished.

Grand Total: 563 creatures vanquished

Notes
Turn   | Place    | Note
-------+----------+-------------------------------------------
     0 | D:1      | qw the Gargoyle Fighter began the quest for the Orb.
     0 | D:1      | Reached XP level 1. HP: 14/14 MP: 1/1
     0 | D:1      | 0 ||| qw: Version: 0.2-a-103-g5a998e5
     0 | D:1      | 0 ||| qw: Game counter: 1006
     0 | D:1      | 0 ||| qw: Always use a shield: true
     0 | D:1      | 0 ||| qw: God list: Okawaru
     0 | D:1      | 0 ||| qw: Allow faded altars: false
     0 | D:1      | 0 ||| qw: Do Orc after D:15 true
     0 | D:1      | 0 ||| qw: Do second Lair branch before Depths: true
     0 | D:1      | 0 ||| qw: Lair rune preference: random
     0 | D:1      | 0 ||| qw: Plans: Normal, Zot:1-4, Slime:5, God:TSO, Crypt,
                  | Tomb, Pan, Hells, Abyss, Win
     0 | D:1      | 0 ||| PLANNING D:1-11
    43 | D:1      | Reached skill level 2 in Axes
   231 | D:1      | Reached XP level 2. HP: 19/19 MP: 2/2
   579 | D:1      | 579 ||| Stepping ~*~*~tactically~*~*~ (stealth).
   589 | D:1      | Reached skill level 3 in Axes
   602 | D:1      | 602 ||| Stepping ~*~*~tactically~*~*~ (stealth).
   608 | D:1      | Reached XP level 3. HP: 23/23 MP: 3/3
   661 | D:1      | 661 ||| UPGRADING to +0 chain mail.
   671 | D:1      | 671 ||| DROPPING +0 scale mail.
   672 | D:1      | 672 ||| READING scroll labelled VEMEBOPLOT.
   673 | D:1      | 673 ||| DRINKING 2 bubbling coppery potions.
   778 | D:1      | 778 ||| DROPPING potion of berserk rage.
   822 | D:2      | Found an iron altar of Okawaru.
   823 | D:2      | 823 ||| PLANNING OKAWARU WORSHIP
   823 | D:2      | 823 ||| DRINKING 2 sedimented amethyst potions.
   832 | D:2      | Became a worshipper of Warmaster Okawaru
   832 | D:2      | 832 ||| PLANNING D:1-11
   839 | D:2      | 839 ||| Stepping ~*~*~tactically~*~*~ (hiding).
   972 | D:2      | 972 ||| Stepping ~*~*~tactically~*~*~ (hiding).
  1081 | D:2      | 1081 ||| Stepping ~*~*~tactically~*~*~ (hiding).
  1085 | D:2      | 1085 ||| Stepping ~*~*~tactically~*~*~ (hiding).
  1192 | D:2      | 1192 ||| DROPPING +0 club.
  1401 | D:2      | 1401 ||| Stepping ~*~*~tactically~*~*~ (hiding).
  1415 | D:2      | Reached skill level 1 in Throwing
  1416 | D:2      | HP: 5/23 [kobold/+0 short sword (3)]
  1589 | D:2      | 1589 ||| Stepping ~*~*~tactically~*~*~ (stealth).
  2180 | D:2      | 2180 ||| UPGRADING to +0 plate armour.
  2190 | D:2      | 2190 ||| DROPPING +0 chain mail.
  2191 | D:2      | 2191 ||| READING scroll labelled XIPNIU MIYPT.
  2234 | D:3      | 2234 ||| PLANNING SEWER
  2303 | D:3      | 2303 ||| Stepping ~*~*~tactically~*~*~ (stealth).
  2313 | D:3      | Reached XP level 4. HP: 21/28 MP: 4/4
  2618 | D:3      | 2618 ||| Stepping ~*~*~tactically~*~*~ (stealth).
  2620 | D:3      | 2620 ||| Stepping ~*~*~tactically~*~*~ (hiding).
  2630 | D:3      | Reached skill level 4 in Axes
  2812 | D:3      | Reached XP level 5. HP: 32/32 MP: 5/5
  2853 | D:3      | 2853 ||| RIP SEWER
  2854 | D:3      | 2854 ||| PLANNING D:1-11
  2857 | D:3      | 2857 ||| DROPPING +0 whip.
  3157 | D:3      | 3157 ||| Stepping ~*~*~tactically~*~*~ (stealth).
  3192 | D:3      | 3192 ||| Stepping ~*~*~tactically~*~*~ (hiding).
  3199 | D:3      | Reached skill level 5 in Axes
  3303 | D:3      | 3303 ||| UPGRADING to +0 pair of boots.
  3308 | D:3      | 3308 ||| READING scroll labelled YVAASTYJEA.
  3323 | D:4      | Noticed Eustachio
  3331 | D:4      | 3331 ||| STAIRDANCE
  3337 | D:3      | 3337 ||| FLEEEEING.
  3338 | D:3      | 3338 ||| FLEEEEING.
  3341 | D:3      | 3341 ||| FLEEEEING.
  3342 | D:3      | 3342 ||| FLEEEEING.
  3343 | D:3      | 3343 ||| FLEEEEING.
  3360 | D:3      | 3360 ||| FLEEEEING.
  3361 | D:3      | 3361 ||| FLEEEEING.
  3365 | D:3      | 3365 ||| STAIRDANCE
  3561 | D:4      | Identified the +1 leather armour "Eqiryr" {rElec rPois}
  3582 | D:4      | 3582 ||| DROPPING +0 flail.
  4098 | D:4      | 4098 ||| DROPPING ring of flight.
  4099 | D:4      | 4099 ||| READING scroll labelled LAEPHO PUDWEETT.
  4104 | D:4      | 4104 ||| READING 2 scrolls labelled VULLIE JABBEN.
  4145 | D:5      | Entered Level 5 of the Dungeon
  4145 | D:5      | Noticed an ogre
  4150 | D:5      | Killed an ogre
  4151 | D:5      | Reached XP level 6. HP: 39/39 MP: 6/6
  4182 | D:5      | Noticed an ice beast
  4189 | D:5      | Killed an ice beast
  4189 | D:5      | Reached * piety under Okawaru
  4293 | D:5      | 4293 ||| INVOKING Heroism.
  4345 | D:5      | Found a blossoming altar of Fedhas.
  4350 | D:5      | Found a large runed translucent door.
  4350 | D:5      | Found a large runed translucent door.
  4351 | D:5      | Found a shimmering altar of Xom.
  4429 | D:5      | 4429 ||| INVOKING Heroism.
  4435 | D:5      | Reached XP level 7. HP: 30/44 MP: 4/7
  4436 | D:5      | Reached skill level 6 in Axes
  4650 | D:5      | Found a staircase to the Ecumenical Temple.
  4699 | D:5      | Found a shimmering blue altar of Sif Muna.
  4699 | D:5      | Found a broken altar of Ashenzari.
  5063 | D:5      | 5063 ||| UPGRADING to ring of see invisible.
  5064 | D:5      | 5064 ||| READING scroll labelled ENWAUR SEDI.
  5136 | D:6      | 5136 ||| Stepping ~*~*~tactically~*~*~ (stealth).
  5383 | D:6      | Reached skill level 1 in Invocations
  5495 | D:6      | 5495 ||| INVOKING Heroism.
  5507 | D:6      | 5507 ||| INVOKING Heroism.
  5513 | D:6      | Reached skill level 7 in Axes
  5513 | D:6      | Reached XP level 8. HP: 42/48 MP: 5/9
  5641 | D:6      | 5641 ||| Stepping ~*~*~tactically~*~*~ (hiding).
  5642 | D:6      | 5642 ||| Stepping ~*~*~tactically~*~*~ (hiding).
  5648 | D:6      | 5648 ||| INVOKING Heroism.
  5774 | D:6      | 5774 ||| INVOKING Heroism.
  5800 | D:6      | Reached skill level 1 in Dodging
  5985 | D:6      | 5985 ||| Stepping ~*~*~tactically~*~*~ (hiding).
  5990 | D:6      | 5990 ||| DRINKING 6 potions of curing.
  5990 | D:6      | 5990 ||| (to cure confusion)
  5995 | D:6      | 5995 ||| INVOKING Heroism.
  6006 | D:6      | Reached skill level 3 in Invocations
  6014 | D:6      | 6014 ||| Stepping ~*~*~tactically~*~*~ (stealth).
  6023 | D:6      | 6023 ||| FLEEEEING.
  6049 | D:6      | 6049 ||| Stepping ~*~*~tactically~*~*~ (hiding).
  6051 | D:6      | 6051 ||| Stepping ~*~*~tactically~*~*~ (hiding).
  6057 | D:6      | 6057 ||| INVOKING Heroism.
  6432 | D:6      | 6432 ||| UPGRADING to +2 pair of gloves.
  6437 | D:6      | 6437 ||| READING 3 scrolls labelled PEOPLIZ LOSOPP.
  6438 | D:6      | 6438 ||| READING scroll labelled FUKIAVVOGAL.
  6439 | D:6      | 6439 ||| READING scroll labelled KUMYOJ GISANYSKON.
  6440 | D:6      | 6440 ||| READING 5 scrolls of identify.
  6440 | D:6      | 6440 ||| IDENTIFYING bubbling dark potion
  6441 | D:6      | 6441 ||| READING 4 scrolls of identify.
  6441 | D:6      | 6441 ||| IDENTIFYING sedimented silvery potion
  6442 | D:6      | 6442 ||| READING 3 scrolls of identify.
  6442 | D:6      | 6442 ||| IDENTIFYING fizzy orange potion
  6443 | D:6      | 6443 ||| READING 2 scrolls of identify.
  6443 | D:6      | 6443 ||| IDENTIFYING fizzy emerald potion
  6444 | D:6      | 6444 ||| DROPPING potion of degeneration.
  6445 | D:6      | 6445 ||| DROPPING potion of brilliance.
  6446 | D:6      | 6446 ||| DROPPING 2 scrolls of vulnerability.
  6465 | D:7      | Noticed Menkaure
  6466 | D:7      | 6466 ||| PLANNING OSSUARY
  6466 | D:7      | 6466 ||| INVOKING Heroism.
  6467 | D:7      | Found Jamis's Weapon Shop.
  6470 | D:7      | Killed Menkaure
  6517 | D:7      | Noticed Prince Ribbit
  6518 | D:7      | 6518 ||| INVOKING Heroism.
  6528 | D:7      | Killed Prince Ribbit
  6529 | D:7      | Reached skill level 8 in Axes
  6529 | D:7      | Reached XP level 9. HP: 54/54 MP: 9/11
  6549 | D:7      | Found Buol Ake's Jewellery Boutique.
  6559 | D:7      | 6559 ||| SHOPLISTING amulet "Zeal Qel" {Regen+ Str+2} (576
                  | gold, have 349).
  6559 | D:7      | 6559 ||| SHOPLISTING ring of protection from cold (350
                  | gold, have 349).
  6559 | D:7      | 6559 ||| BUYING ring of see invisible (210 gold).
  6559 | D:7      | Bought a ring of see invisible for 210 gold pieces
  6627 | D:7      | 6627 ||| INVOKING Heroism.
  6747 | D:7      | 6747 ||| INVOKING Heroism.
  6754 | D:7      | Found Retesaw's Assorted Antiques.
  6765 | D:7      | Reached skill level 6 in Fighting
  6872 | D:7      | 6872 ||| BUYING blue potion (25 gold).
  6872 | D:7      | Bought a blue potion for 25 gold pieces
  6872 | D:7      | 6872 ||| BUYING brown potion (25 gold).
  6872 | D:7      | Bought a brown potion for 25 gold pieces
  6872 | D:7      | 6872 ||| SHOPLISTING helmet (126 gold, have 96).
  6872 | D:7      | 6872 ||| BUYING scroll of teleportation (84 gold).
  6872 | D:7      | Bought a scroll of teleportation for 84 gold pieces
  6986 | D:7      | 6986 ||| INVOKING Heroism.
  7002 | D:7      | Found Keheorph's General Store.
  7007 | D:7      | 7007 ||| SHOPLISTING scroll of identify (26 gold, have 12).
  7016 | D:7      | Found a sand-covered staircase.
  7025 | Ossuary  | Entered an ossuary
  7030 | Ossuary  | 7030 ||| Stepping ~*~*~tactically~*~*~ (stealth).
  7062 | Ossuary  | 7062 ||| Stepping ~*~*~tactically~*~*~ (stealth).
  7063 | Ossuary  | 7063 ||| Stepping ~*~*~tactically~*~*~ (stealth).
  7086 | Ossuary  | 7086 ||| INVOKING Heroism.
  7100 | Ossuary  | 7100 ||| FLEEEEING.
  7102 | Ossuary  | 7102 ||| FLEEEEING.
  7211 | Ossuary  | 7211 ||| FLEEEEING.
  7228 | Ossuary  | Reached skill level 9 in Axes
  7272 | Ossuary  | 7272 ||| FLEEEEING.
  7273 | Ossuary  | 7273 ||| Stepping ~*~*~tactically~*~*~ (stealth).
  7328 | Ossuary  | 7328 ||| Stepping ~*~*~tactically~*~*~ (stealth).
  7380 | Ossuary  | 7380 ||| Stepping ~*~*~tactically~*~*~ (stealth).
  7422 | Ossuary  | 7422 ||| Stepping ~*~*~tactically~*~*~ (stealth).
  7438 | Ossuary  | 7438 ||| Stepping ~*~*~tactically~*~*~ (hiding).
  7449 | Ossuary  | Reached skill level 6 in Armour
  7478 | Ossuary  | 7478 ||| Stepping ~*~*~tactically~*~*~ (stealth).
  7479 | Ossuary  | 7479 ||| Stepping ~*~*~tactically~*~*~ (stealth).
  7606 | Ossuary  | 7606 ||| DROPPING ring of see invisible.
  7607 | Ossuary  | 7607 ||| UPGRADING to +4 ring of protection.
  7608 | Ossuary  | 7608 ||| READING scroll labelled TABYREESIL.
  7609 | Ossuary  | 7609 ||| READING scroll labelled DARPHAR VIVU.
  7610 | Ossuary  | 7610 ||| READING 5 scrolls of identify.
  7610 | Ossuary  | 7610 ||| IDENTIFYING dark potion
  7611 | Ossuary  | 7611 ||| READING 4 scrolls of identify.
  7611 | Ossuary  | 7611 ||| IDENTIFYING blue potion
  7612 | Ossuary  | 7612 ||| READING 3 scrolls of identify.
  7612 | Ossuary  | 7612 ||| IDENTIFYING puce potion
  7613 | Ossuary  | 7613 ||| READING 2 scrolls of identify.
  7613 | Ossuary  | 7613 ||| IDENTIFYING viscous amethyst potion
  7645 | D:7      | 7645 ||| PLANNING D:1-11
  7679 | D:7      | 7679 ||| Stepping ~*~*~tactically~*~*~ (hiding).
  7680 | D:7      | 7680 ||| Stepping ~*~*~tactically~*~*~ (hiding).
  7682 | D:7      | 7682 ||| Stepping ~*~*~tactically~*~*~ (hiding).
  7683 | D:7      | 7683 ||| Stepping ~*~*~tactically~*~*~ (hiding).
  7764 | D:7      | 7764 ||| INVOKING Heroism.
  7828 | D:7      | Found a glowing silver altar of Zin.
  7936 | D:7      | 7936 ||| INVOKING Heroism.
  8027 | D:8      | 8027 ||| INVOKING Heroism.
  8199 | D:8      | 8199 ||| Stepping ~*~*~tactically~*~*~ (hiding).
  8200 | D:8      | 8200 ||| Stepping ~*~*~tactically~*~*~ (hiding).
  8207 | D:8      | Reached XP level 10. HP: 53/63 MP: 13/13
  8213 | D:8      | 8213 ||| FLEEEEING.
  8214 | D:8      | 8214 ||| FLEEEEING.
  8215 | D:8      | 8215 ||| FLEEEEING.
  8216 | D:8      | 8216 ||| FLEEEEING.
  8217 | D:8      | 8217 ||| FLEEEEING.
  8218 | D:8      | 8218 ||| FLEEEEING.
  8219 | D:8      | 8219 ||| FLEEEEING.
  8220 | D:8      | 8220 ||| FLEEEEING.
  8310 | D:8      | Noticed a death yak
  8310 | D:8      | Noticed a death yak
  8311 | D:8      | 8311 ||| INVOKING Heroism.
  8318 | D:8      | Noticed a death yak
  8322 | D:8      | Killed a death yak
  8322 | D:8      | Reached ** piety under Okawaru
  8323 | D:8      | Reached skill level 10 in Axes
  8336 | D:8      | HP: 16/64 [yak (4)]
  8337 | D:8      | 8337 ||| READING 5 scrolls of teleportation.
  8338 | D:8      | HP: 7/64 [death yak (8)]
  8340 | D:8      | Found a sparkling altar of Nemelex Xobeh.
  8341 | D:8      | 8341 ||| READING 4 scrolls of teleportation.
  8351 | D:8      | 8351 ||| READING 3 scrolls of teleportation.
  8352 | D:8      | 8352 ||| INVOKING Heroism.
  8529 | D:8      | Found a glowing golden altar of the Shining One.
  8543 | D:8      | Found a staircase to the Lair.
  8544 | D:8      | 8544 ||| Stepping ~*~*~tactically~*~*~ (stealth).
  8546 | D:8      | 8546 ||| INVOKING Heroism.
  8549 | D:8      | 8549 ||| Stepping ~*~*~tactically~*~*~ (stealth).
  8563 | D:8      | Killed a death yak
  8564 | D:8      | Reached skill level 9 in Fighting
  8573 | D:8      | 8573 ||| INVOKING Heroism.
  8574 | D:8      | Killed a death yak
  8834 | D:8      | 8834 ||| READING scroll of enchant armour.
  8834 | D:8      | 8834 ||| ENCHANTING +0 pair of boots.
  8839 | D:8      | Found an ornate altar of the Wu Jian Council.
  8839 | D:8      | Found a radiant altar of Vehumet.
  8870 | D:8      | 8870 ||| Stepping ~*~*~tactically~*~*~ (hiding).
  8875 | D:8      | 8875 ||| INVOKING Heroism.
  8970 | D:8      | 8970 ||| Stepping ~*~*~tactically~*~*~ (hiding).
  9309 | D:8      | Found Hingudd's Armour Shop.
  9312 | D:8      | 9312 ||| SHOPLISTING +3 plate armour of poison resistance
                  | (462 gold, have 100).
  9440 | D:8      | 9440 ||| PLANNING LAIR
  9440 | D:8      | 9440 ||| DRINKING 2 brown potions.
  9441 | D:8      | 9441 ||| READING 2 scrolls of identify.
  9441 | D:8      | 9441 ||| IDENTIFYING murky blue potion
  9442 | D:8      | 9442 ||| DROPPING potion of flight.
  9443 | D:8      | 9443 ||| DROPPING potion of invisibility.
  9499 | Lair:1   | Entered Level 1 of the Lair of Beasts
  9500 | Lair:1   | 9500 ||| INVOKING Heroism.
  9575 | Lair:1   | 9575 ||| INVOKING Heroism.
  9585 | Lair:1   | Reached XP level 11. HP: 52/71 MP: 12/14
  9778 | Lair:1   | 9778 ||| SWAPPING to +2 war axe of draining.
  9779 | Lair:1   | 9779 ||| DROPPING +1 war axe.
  9895 | Lair:1   | 9895 ||| READING scroll of enchant armour.
  9895 | Lair:1   | 9895 ||| ENCHANTING +1 pair of boots.
  9964 | Lair:1   | 9964 ||| INVOKING Heroism.
  9970 | Lair:1   | Reached skill level 11 in Axes
 10159 | Lair:1   | 10159 ||| DRINKING 4 inky potions.
 10199 | Lair:2   | Noticed a skyshark
 10209 | Lair:2   | Noticed a skyshark
 10214 | Lair:2   | Killed a skyshark
 10220 | Lair:2   | 10220 ||| INVOKING Heroism.
 10225 | Lair:2   | Killed a skyshark
 10233 | Lair:2   | Reached *** piety under Okawaru
 10249 | Lair:2   | 10249 ||| INVOKING Heroism.
 10253 | Lair:2   | Reached skill level 12 in Axes
 10255 | Lair:2   | Reached skill level 6 in Shields
 10452 | Lair:2   | Found a hole to the Spider Nest.
 10459 | Lair:2   | Reached **** piety under Okawaru
 10498 | Lair:2   | Noticed a skyshark
 10499 | Lair:2   | 10499 ||| INVOKING Heroism.
 10512 | Lair:2   | Killed a skyshark
 10563 | Lair:2   | 10563 ||| Stepping ~*~*~tactically~*~*~ (stealth).
 10570 | Lair:2   | 10570 ||| INVOKING Heroism.
 10579 | Lair:2   | Reached skill level 9 in Armour
 10656 | Lair:2   | 10656 ||| READING 3 scrolls of enchant weapon.
 10656 | Lair:2   | 10656 ||| ENCHANTING +2 war axe of draining.
 10657 | Lair:2   | 10657 ||| READING 2 scrolls of enchant weapon.
 10657 | Lair:2   | 10657 ||| ENCHANTING +3 war axe of draining.
 10658 | Lair:2   | 10658 ||| READING scroll of enchant weapon.
 10658 | Lair:2   | 10658 ||| ENCHANTING +4 war axe of draining.
 10789 | Lair:2   | 10789 ||| Stepping ~*~*~tactically~*~*~ (stealth).
 10793 | Lair:2   | 10793 ||| Stepping ~*~*~tactically~*~*~ (hiding).
 10803 | Lair:2   | 10803 ||| Stepping ~*~*~tactically~*~*~ (hiding).
 10813 | Lair:2   | Found a frozen archway.
 10819 | Lair:2   | 10819 ||| INVOKING Heroism.
 10945 | Lair:2   | 10945 ||| INVOKING Heroism.
 11285 | Lair:2   | 11285 ||| UPGRADING to amulet of the acrobat.
 11322 | Lair:3   | Noticed an oklob plant
 11323 | Lair:3   | 11323 ||| INVOKING Heroism.
 11336 | Lair:3   | Killed an oklob plant
 11337 | Lair:3   | Reached XP level 12. HP: 61/77 MP: 13/15
 11505 | Lair:3   | Noticed a four-headed hydra
 11506 | Lair:3   | 11506 ||| INVOKING Heroism.
 11511 | Lair:3   | 11511 ||| SWAPPING to +0 morningstar.
 11515 | Lair:3   | Killed a four-headed hydra
 11516 | Lair:3   | 11516 ||| SWAPPING to +5 war axe of draining.
 11543 | Lair:3   | Found the +1 robe of Vines {NoPotionHeal Regen++++}
 11547 | Lair:3   | 11547 ||| FLEEEEING.
 11548 | Lair:3   | 11548 ||| FLEEEEING.
 11549 | Lair:3   | Noticed a six-headed hydra
 11550 | Lair:3   | 11550 ||| FLEEEEING.
 11551 | Lair:3   | 11551 ||| FLEEEEING.
 11555 | Lair:3   | 11555 ||| FLEEEEING.
 11556 | Lair:3   | 11556 ||| FLEEEEING.
 11557 | Lair:3   | 11557 ||| INVOKING Heroism.
 11558 | Lair:3   | 11558 ||| SWAPPING to +0 morningstar.
 11570 | Lair:3   | Killed a six-headed hydra
 11571 | Lair:3   | Reached skill level 6 in Invocations
 11571 | Lair:3   | 11571 ||| SWAPPING to +5 war axe of draining.
 11724 | Lair:3   | 11724 ||| INVOKING Heroism.
 11748 | Lair:3   | 11748 ||| READING 2 scrolls of teleportation.
 11750 | Lair:3   | HP: 4/77 [oklob plant/splash of acid (21)]
 11751 | Lair:3   | 11751 ||| DRINKING 3 potions of heal wounds.
 11919 | Lair:3   | 11919 ||| INVOKING Heroism.
 11961 | Lair:3   | 11961 ||| Stepping ~*~*~tactically~*~*~ (stealth).
 12056 | Lair:3   | You fall into a shaft and drop 1 floor!
 12064 | Lair:4   | Reached skill level 13 in Axes
 12120 | Lair:4   | 12120 ||| Stepping ~*~*~tactically~*~*~ (stealth).
 12121 | Lair:4   | 12121 ||| Stepping ~*~*~tactically~*~*~ (stealth).
 12137 | Lair:4   | Found a staircase to the Slime Pits.
 12139 | Lair:4   | 12139 ||| Stepping ~*~*~tactically~*~*~ (stealth).
 12140 | Lair:4   | 12140 ||| Stepping ~*~*~tactically~*~*~ (stealth).
 12155 | Lair:4   | 12155 ||| INVOKING Heroism.
 12306 | Lair:4   | 12306 ||| UPGRADING to +1 robe of Vines {NoPotionHeal
                  | Regen++++}.
 12316 | Lair:4   | 12316 ||| DROPPING +0 plate armour.
 12317 | Lair:4   | 12317 ||| DROPPING ring of positive energy.
 12318 | Lair:4   | 12318 ||| READING scroll labelled RUCUAGR JURPHI.
 12448 | Lair:3   | Noticed a skyshark
 12456 | Lair:3   | Killed a skyshark
 12507 | Lair:3   | Reached ***** piety under Okawaru
 12520 | Lair:3   | Found a staircase to the Shoals.
 12521 | Lair:3   | 12521 ||| INVOKING Heroism.
 12536 | Lair:3   | Reached skill level 3 in Dodging
 12973 | Lair:3   | 12973 ||| UPGRADING to +0 helmet.
 12978 | Lair:3   | 12978 ||| READING scroll labelled UNLIEFR RIXE.
 13130 | Lair:4   | 13130 ||| INVOKING Heroism.
 13240 | Lair:5   | Entered Level 5 of the Lair of Beasts
 13328 | Lair:5   | 13328 ||| INVOKING Heroism.
 13352 | Lair:5   | 13352 ||| Stepping ~*~*~tactically~*~*~ (stealth).
 13354 | Lair:5   | 13354 ||| Stepping ~*~*~tactically~*~*~ (stealth).
 13356 | Lair:5   | 13356 ||| Stepping ~*~*~tactically~*~*~ (stealth).
 13358 | Lair:5   | 13358 ||| Stepping ~*~*~tactically~*~*~ (stealth).
 13360 | Lair:5   | 13360 ||| Stepping ~*~*~tactically~*~*~ (stealth).
 13374 | Lair:5   | Received a gift from Okawaru
 13375 | Lair:5   | Reached skill level 9 in Invocations
 13375 | Lair:5   | Reached XP level 13. HP: 82/82 MP: 19/19
 13419 | Lair:5   | 13419 ||| Stepping ~*~*~tactically~*~*~ (stealth).
 13443 | Lair:5   | Identified the +2 robe of Hospitality {rPois Will- Regen+
                  | Int-4}
 13465 | Lair:5   | 13465 ||| INVOKING Heroism.
 13493 | Lair:5   | 13493 ||| Stepping ~*~*~tactically~*~*~ (stealth).
 13504 | Lair:5   | 13504 ||| INVOKING Finesse.
 13513 | Lair:5   | 13513 ||| INVOKING Heroism.
 13539 | Lair:5   | Reached skill level 14 in Axes
 13670 | Lair:5   | 13670 ||| INVOKING Heroism.
 13671 | Lair:5   | 13671 ||| INVOKING Finesse.
 13673 | Lair:5   | 13673 ||| Stepping ~*~*~tactically~*~*~ (stealth).
 13677 | Lair:5   | 13677 ||| SWAPPING to +0 morningstar.
 13687 | Lair:5   | 13687 ||| SWAPPING to +5 war axe of draining.
 13688 | Lair:5   | 13688 ||| Stepping ~*~*~tactically~*~*~ (stealth).
 13691 | Lair:5   | 13691 ||| Stepping ~*~*~tactically~*~*~ (stealth).
 13692 | Lair:5   | 13692 ||| Stepping ~*~*~tactically~*~*~ (stealth).
 13693 | Lair:5   | 13693 ||| Stepping ~*~*~tactically~*~*~ (stealth).
 13750 | Lair:5   | Received a gift from Okawaru
 13783 | Lair:5   | Noticed Urug
 13784 | Lair:5   | 13784 ||| Stepping ~*~*~tactically~*~*~ (hiding).
 13786 | Lair:5   | 13786 ||| INVOKING Heroism.
 13790 | Lair:5   | 13790 ||| INVOKING Finesse.
 13802 | Lair:5   | Killed Urug
 13803 | Lair:5   | Reached skill level 3 in Throwing
 13878 | Lair:5   | 13878 ||| INVOKING Heroism.
 13895 | Lair:5   | 13895 ||| Stepping ~*~*~tactically~*~*~ (stealth).
 13902 | Lair:5   | 13902 ||| Stepping ~*~*~tactically~*~*~ (stealth).
 13904 | Lair:5   | 13904 ||| Stepping ~*~*~tactically~*~*~ (stealth).
 13905 | Lair:5   | 13905 ||| Stepping ~*~*~tactically~*~*~ (stealth).
 13906 | Lair:5   | 13906 ||| Stepping ~*~*~tactically~*~*~ (stealth).
 13908 | Lair:5   | 13908 ||| Stepping ~*~*~tactically~*~*~ (stealth).
 13926 | Lair:5   | 13926 ||| Stepping ~*~*~tactically~*~*~ (stealth).
 13936 | Lair:5   | 13936 ||| Stepping ~*~*~tactically~*~*~ (hiding).
 13946 | Lair:5   | 13946 ||| Stepping ~*~*~tactically~*~*~ (stealth).
 13957 | Lair:5   | 13957 ||| Stepping ~*~*~tactically~*~*~ (hiding).
 13972 | Lair:5   | 13972 ||| INVOKING Heroism.
 14023 | Lair:5   | 14023 ||| Stepping ~*~*~tactically~*~*~ (stealth).
 14024 | Lair:5   | 14024 ||| Stepping ~*~*~tactically~*~*~ (stealth).
 14031 | Lair:5   | 14031 ||| INVOKING Heroism.
 14058 | Lair:5   | 14058 ||| Stepping ~*~*~tactically~*~*~ (stealth).
 14059 | Lair:5   | 14059 ||| Stepping ~*~*~tactically~*~*~ (stealth).
 14062 | Lair:5   | 14062 ||| Stepping ~*~*~tactically~*~*~ (stealth).
 14064 | Lair:5   | 14064 ||| Stepping ~*~*~tactically~*~*~ (hiding).
 14066 | Lair:5   | 14066 ||| INVOKING Heroism.
 14068 | Lair:5   | 14068 ||| SWAPPING to +0 morningstar.
 14069 | Lair:5   | 14069 ||| INVOKING Finesse.
 14080 | Lair:5   | 14080 ||| Stepping ~*~*~tactically~*~*~ (stealth).
 14081 | Lair:5   | 14081 ||| SWAPPING to +5 war axe of draining.
 14127 | Lair:5   | 14127 ||| Stepping ~*~*~tactically~*~*~ (hiding).
 14148 | Lair:5   | 14148 ||| Stepping ~*~*~tactically~*~*~ (stealth).
 14167 | Lair:5   | Received a gift from Okawaru
 14450 | Lair:5   | Reached skill level 15 in Axes
 14450 | Lair:5   | Gained mutation: Your large and strong wings let you fly.
                  | [Gargoyle growth]
 14450 | Lair:5   | Reached XP level 14. HP: 90/90 MP: 21/21
 14564 | Lair:5   | 14564 ||| PLANNING D:1-11
 14564 | Lair:5   | 14564 ||| READING 2 scrolls labelled TIEZAR SIUWNYL.
 14565 | Lair:5   | 14565 ||| DROPPING scroll of fear.
 14730 | D:9      | Identified the +8 great sword of Unbearable True Grit
                  | {freeze, rF- rCorr Dex+5}
 14800 | D:9      | 14800 ||| FLEEEEING.
 14801 | D:9      | 14801 ||| FLEEEEING.
 14802 | D:9      | 14802 ||| Stepping ~*~*~tactically~*~*~ (hiding).
 14919 | D:9      | 14919 ||| Stepping ~*~*~tactically~*~*~ (stealth).
 14921 | D:9      | 14921 ||| Stepping ~*~*~tactically~*~*~ (stealth).
 14924 | D:9      | 14924 ||| Stepping ~*~*~tactically~*~*~ (hiding).
 14933 | D:9      | 14933 ||| Stepping ~*~*~tactically~*~*~ (stealth).
 14935 | D:9      | 14935 ||| Stepping ~*~*~tactically~*~*~ (stealth).
 14952 | D:9      | Received a gift from Okawaru
 14959 | D:9      | 14959 ||| Stepping ~*~*~tactically~*~*~ (hiding).
 15299 | D:9      | 15299 ||| Stepping ~*~*~tactically~*~*~ (hiding).
 15302 | D:9      | 15302 ||| Stepping ~*~*~tactically~*~*~ (hiding).
 15305 | D:9      | 15305 ||| STAIRDANCE
 15409 | D:8      | 15409 ||| READING scroll labelled VAOCZUUHIC.
 15500 | D:9      | Identified the +4 whip "Sulyq" {drain, rPois SInv}
 15529 | D:9      | 15529 ||| Stepping ~*~*~tactically~*~*~ (stealth).
 15530 | D:9      | 15530 ||| Stepping ~*~*~tactically~*~*~ (hiding).
 15545 | D:9      | Received a gift from Okawaru
 15548 | D:9      | Reached skill level 12 in Fighting
 15554 | D:9      | 15554 ||| INVOKING Heroism.
 15704 | D:9      | 15704 ||| Stepping ~*~*~tactically~*~*~ (hiding).
 15705 | D:9      | 15705 ||| Stepping ~*~*~tactically~*~*~ (hiding).
 15728 | D:9      | Received a gift from Okawaru
 15812 | D:9      | Found a hide-covered altar of Uskayaw.
 15847 | D:10     | Entered Level 10 of the Dungeon
 15919 | D:10     | 15919 ||| Stepping ~*~*~tactically~*~*~ (stealth).
 15927 | D:10     | Found a sacrificial altar of Ru.
 15953 | D:10     | Found an ancient bone altar of Kikubaaqudgha.
 16139 | D:10     | Found a basalt altar of Yredelemnul.
 16175 | D:10     | Found a shadowy altar of Dithmenos.
 16363 | D:10     | 16363 ||| Stepping ~*~*~tactically~*~*~ (hiding).
 16364 | D:10     | 16364 ||| Stepping ~*~*~tactically~*~*~ (hiding).
 16367 | D:10     | 16367 ||| Stepping ~*~*~tactically~*~*~ (hiding).
 16420 | D:10     | Received a gift from Okawaru
 16519 | D:10     | 16519 ||| Stepping ~*~*~tactically~*~*~ (hiding).
 16570 | D:10     | Found a staircase to the Orcish Mines.
 16674 | D:10     | 16674 ||| DROPPING scarf of harm.
 16675 | D:10     | 16675 ||| UPGRADING to amulet of regeneration.
 16685 | D:10     | 16685 ||| DROPPING amulet of the acrobat.
 16686 | D:10     | 16686 ||| READING scroll labelled BETAECSU ZETZ.
 16687 | D:10     | 16687 ||| DROPPING +4 war axe of electrocution.
 16724 | D:11     | 16724 ||| PLANNING GAUNTLET
 16738 | D:11     | 16738 ||| STAIRDANCE
 16901 | D:11     | Found an opulent altar of Gozag.
 16905 | D:11     | Found Gozag's Platinum Reserve.
 16962 | D:11     | Found a gate leading to a gauntlet.
 16969 | Gauntlet | Entered a Gauntlet
 16969 | Gauntlet | Found a transporter.
 16978 | Gauntlet | Found a transporter.
 16995 | Gauntlet | Found a transporter.
 16999 | Gauntlet | Found a transporter.
 17020 | Gauntlet | Found a transporter.
 17033 | Gauntlet | Found a transporter.
 17047 | Gauntlet | Found a transporter.
 17048 | Gauntlet | Noticed a cacodemon
 17076 | Gauntlet | Found a transporter.
 17076 | Gauntlet | Found a transporter.
 17077 | Gauntlet | Found a runed translucent door.
 17081 | Gauntlet | Found a transporter.
 17091 | Gauntlet | Found a runed translucent door.
 17112 | Gauntlet | Found a transporter.
 17112 | Gauntlet | Found a transporter.
 17162 | Gauntlet | 17162 ||| INVOKING Heroism.
 17185 | Gauntlet | Identified the +1 pair of boots of Zin's Pride {+Inv Str+2
                  | Dex-2}
 17187 | Gauntlet | 17187 ||| DROPPING +1 pair of boots of Zin's Pride {+Inv
                  | Str+2 Dex-2}.
 17188 | Gauntlet | 17188 ||| READING 8 scrolls of identify.
 17188 | Gauntlet | 17188 ||| IDENTIFYING metallic inky potion
 17189 | Gauntlet | 17189 ||| DROPPING potion of ambrosia.
 17200 | Gauntlet | 17200 ||| INVOKING Heroism.
 17204 | Gauntlet | Reached skill level 16 in Axes
 17215 | Gauntlet | Identified the +3 cloak of Insecurity {Int+5}
 17217 | Gauntlet | Identified the ring of Existentialism {rCorr EV+5 Str+3}
 17219 | Gauntlet | 17219 ||| UPGRADING to +3 cloak of Insecurity {Int+5}.
 17224 | Gauntlet | 17224 ||| UPGRADING to ring of Existentialism {rCorr EV+5
                  | Str+3}.
 17226 | Gauntlet | 17226 ||| DROPPING +4 ring of slaying {mikee}.
 17227 | Gauntlet | 17227 ||| DROPPING ring of see invisible.
 17297 | Gauntlet | 17297 ||| Stepping ~*~*~tactically~*~*~ (stealth).
 17298 | Gauntlet | 17298 ||| INVOKING Heroism.
 17314 | Gauntlet | 17314 ||| Stepping ~*~*~tactically~*~*~ (stealth).
 17329 | D:11     | 17329 ||| PLANNING D:1-11
 17363 | D:11     | Found Nuhe Roer's Weapon Shoppe.
 17551 | D:11     | 17551 ||| PLANNING D
 17594 | D:12     | Noticed Fannar
 17598 | D:12     | 17598 ||| STAIRDANCE
 17601 | D:11     | Killed Fannar
 17674 | D:12     | 17674 ||| Stepping ~*~*~tactically~*~*~ (stealth).
 17683 | D:12     | 17683 ||| Stepping ~*~*~tactically~*~*~ (hiding).
 17907 | D:12     | You are sucked into a shaft and drop 1 floor!
 17915 | D:13     | 17915 ||| Stepping ~*~*~tactically~*~*~ (stealth).
 17916 | D:13     | 17916 ||| Stepping ~*~*~tactically~*~*~ (stealth).
 17917 | D:13     | 17917 ||| Stepping ~*~*~tactically~*~*~ (stealth).
 17940 | D:13     | Found an iron altar of Okawaru.
 17957 | D:13     | 17957 ||| INVOKING Heroism.
 17984 | D:13     | Reached skill level 6 in Throwing
 18063 | D:13     | 18063 ||| Stepping ~*~*~tactically~*~*~ (stealth).
 18146 | D:13     | 18146 ||| Stepping ~*~*~tactically~*~*~ (stealth).
 18213 | D:13     | 18213 ||| INVOKING Heroism.
 18316 | D:12     | 18316 ||| INVOKING Heroism.
 18352 | D:12     | 18352 ||| Stepping ~*~*~tactically~*~*~ (hiding).
 18354 | D:12     | 18354 ||| Stepping ~*~*~tactically~*~*~ (hiding).
 18355 | D:12     | 18355 ||| Stepping ~*~*~tactically~*~*~ (hiding).
 18659 | D:12     | 18659 ||| DROPPING +2 hat.
 18686 | D:13     | Reached XP level 15. HP: 97/97 MP: 22/22
 18721 | D:13     | 18721 ||| SWAPPING to +0 broad axe.
 18722 | D:13     | 18722 ||| DROPPING +5 heavy war axe.
 18737 | D:13     | 18737 ||| Stepping ~*~*~tactically~*~*~ (hiding).
 18771 | D:13     | 18771 ||| Stepping ~*~*~tactically~*~*~ (stealth).
 18783 | D:13     | 18783 ||| INVOKING Heroism.
 18789 | D:13     | 18789 ||| Stepping ~*~*~tactically~*~*~ (hiding).
 18795 | D:13     | 18795 ||| Stepping ~*~*~tactically~*~*~ (hiding).
 18801 | D:13     | Received a gift from Okawaru
 18981 | D:13     | Found a gate to the Vaults.
 18982 | D:13     | 18982 ||| INVOKING Heroism.
 19004 | D:13     | Received a gift from Okawaru
 19063 | D:13     | 19063 ||| Stepping ~*~*~tactically~*~*~ (hiding).
 19067 | D:13     | 19067 ||| Stepping ~*~*~tactically~*~*~ (hiding).
 19072 | D:13     | Received a gift from Okawaru
 19524 | D:13     | 19524 ||| DROPPING scarf of repulsion.
 19525 | D:13     | 19525 ||| UPGRADING to +1 buckler of protection.
 19535 | D:13     | 19535 ||| DROPPING +0 buckler.
 19702 | D:14     | Identified the +12 war axe of Moakoo {flame, rF++ Stlth+}
 19704 | D:14     | 19704 ||| SWAPPING to +12 war axe of Moakoo {flame, rF++
                  | Stlth+}.
 19705 | D:14     | 19705 ||| DROPPING +0 morningstar.
 19706 | D:14     | 19706 ||| DROPPING +0 broad axe.
 19720 | D:14     | 19720 ||| Stepping ~*~*~tactically~*~*~ (hiding).
 19721 | D:14     | 19721 ||| Stepping ~*~*~tactically~*~*~ (hiding).
 19818 | D:14     | Received a gift from Okawaru
 19853 | D:14     | Identified the +8 chain mail of Monn {rF+}
 19860 | D:14     | 19860 ||| INVOKING Heroism.
 20044 | D:14     | Identified the +0 chain mail of Okawaru's Displeasure {Fly
                  | rC- Str+8} (Okawaru gifted it to you on level 14 of the
                  | Dungeon)
 20044 | D:14     | Received a gift from Okawaru
 20115 | D:14     | Reached skill level 9 in Shields
 20271 | D:14     | 20271 ||| Stepping ~*~*~tactically~*~*~ (stealth).
 20273 | D:14     | 20273 ||| Stepping ~*~*~tactically~*~*~ (stealth).
 20276 | D:14     | 20276 ||| Stepping ~*~*~tactically~*~*~ (stealth).
 20286 | D:14     | Found a shimmering blue altar of Sif Muna.
 20297 | D:14     | 20297 ||| Stepping ~*~*~tactically~*~*~ (stealth).
 20299 | D:14     | 20299 ||| Stepping ~*~*~tactically~*~*~ (hiding).
 20434 | D:14     | 20434 ||| UPGRADING to +8 chain mail of Monn {rF+}.
 20444 | D:14     | 20444 ||| DROPPING +1 robe of Vines {NoPotionHeal
                  | Regen++++}.
 20456 | D:15     | Entered Level 15 of the Dungeon
 20537 | D:15     | 20537 ||| Stepping ~*~*~tactically~*~*~ (hiding).
 20538 | D:15     | 20538 ||| Stepping ~*~*~tactically~*~*~ (hiding).
 20547 | D:15     | 20547 ||| FLEEEEING.
 20548 | D:15     | 20548 ||| FLEEEEING.
 20550 | D:15     | 20550 ||| FLEEEEING.
 20551 | D:15     | 20551 ||| FLEEEEING.
 20552 | D:15     | 20552 ||| FLEEEEING.
 20553 | D:15     | 20553 ||| FLEEEEING.
 20608 | D:15     | 20608 ||| Stepping ~*~*~tactically~*~*~ (hiding).
 20611 | Abyss:3  | Cast into level 3 of the Abyss (a wizard)
 20650 | Abyss:3  | 20650 ||| Stepping ~*~*~tactically~*~*~ (stealth).
 20651 | Abyss:3  | 20651 ||| Stepping ~*~*~tactically~*~*~ (stealth).
 20653 | Abyss:3  | 20653 ||| Stepping ~*~*~tactically~*~*~ (stealth).
 20654 | Abyss:3  | 20654 ||| DRINKING 14 potions of curing.
 20654 | Abyss:3  | 20654 ||| (to cure confusion)
 20655 | Abyss:3  | 20655 ||| DRINKING 13 potions of curing.
 20655 | Abyss:3  | 20655 ||| (to cure confusion)
 20656 | Abyss:3  | 20656 ||| DRINKING 12 potions of curing.
 20656 | Abyss:3  | 20656 ||| (to cure confusion)
 20657 | Abyss:3  | 20657 ||| DRINKING 11 potions of curing.
 20657 | Abyss:3  | 20657 ||| (to cure confusion)
 20658 | Abyss:3  | 20658 ||| DRINKING 10 potions of curing.
 20658 | Abyss:3  | 20658 ||| (to cure confusion)
 20660 | Abyss:3  | 20660 ||| DRINKING 9 potions of curing.
 20660 | Abyss:3  | 20660 ||| (to cure confusion)
 20661 | Abyss:3  | 20661 ||| DRINKING 8 potions of curing.
 20661 | Abyss:3  | 20661 ||| (to cure confusion)
 20662 | Abyss:3  | 20662 ||| DRINKING 7 potions of curing.
 20662 | Abyss:3  | 20662 ||| (to cure confusion)
 20663 | Abyss:3  | 20663 ||| DRINKING 6 potions of curing.
 20663 | Abyss:3  | 20663 ||| (to cure confusion)
 20664 | Abyss:3  | 20664 ||| DRINKING 5 potions of curing.
 20664 | Abyss:3  | 20664 ||| (to cure confusion)
 20667 | Abyss:3  | 20667 ||| DRINKING 4 potions of curing.
 20667 | Abyss:3  | 20667 ||| (to cure confusion)
 20668 | Abyss:3  | 20668 ||| DRINKING 3 potions of curing.
 20668 | Abyss:3  | 20668 ||| (to cure confusion)
 20669 | Abyss:3  | 20669 ||| DRINKING 2 potions of curing.
 20669 | Abyss:3  | 20669 ||| (to cure confusion)
 20671 | Abyss:3  | 20671 ||| DRINKING potion of curing.
 20671 | Abyss:3  | 20671 ||| (to cure confusion)
 20714 | Abyss:3  | Gained mutation: Your body sometimes deteriorates upon
                  | taking damage. [a neqoxec]
 20740 | Abyss:3  | HP: 21/99 [large abomination (16)]
 20741 | Abyss:3  | 20741 ||| DRINKING 4 potions of heal wounds.
 20745 | Abyss:3  | HP: 15/99 [large abomination (18)]
 20746 | Abyss:3  | 20746 ||| DRINKING 3 potions of heal wounds.
 20750 | Abyss:3  | 20750 ||| DRINKING 2 potions of heal wounds.
 20753 | Abyss:3  | HP: 15/99 [large abomination (13)]
 20754 | Abyss:3  | 20754 ||| DRINKING potion of heal wounds.
 20758 | Abyss:3  | HP: 10/99 [large abomination (4)]
 20758 | Abyss:3  | Gained mutation: You are frail. (-10% HP) [a neqoxec]
 20761 | Abyss:3  | HP: 2/89 [chaos spawn (10)]
 20761 | Abyss:3  | Slain by a chaos spawn

Levels and vault maps discovered:
D:1:      amcnicky_arrival_single_pillar, layout_loops_ring
D:2:      layout_basic, basic_altar, nicolae_underground_beach
D:3:      layout_loops_ring, gup_sewer_entry_bubbles
D:4:      layout_cave_pods, mrwooster_statue_mirror, minmay_misc_feat_room,
          uniq_eustachio
D:5:      due_chaos_kobolds, layout_loops_ring,
          mainiacjoe_overflow_six_doors_small, gammafunk_temple_overflow_wave,
          minmay_temple_entry_large_hall
D:6:      layout_cave_pods, serial_bayou_lagoon_b
D:7:      layout_basic, zin_scriptorium, lightli_ossuary_entry_decrepit_ruins,
          serial_shops, shop, nicolae_shop_tiny_statue_garden,
          nicolae_shop_hallway_plus, nicolae_shop_stone, uniq_prince_ribbit1,
          uniq_menkaure
D:8:      layout_layer_cave, nicolae_overflow_quartered_altars,
          dpeg_lair_monsters, serial_shops, nicolae_shop_tiny_real_fake_doors
D:9:      kennysheep_ambush_hall, layout_rooms, nicolae_uskayaw_suspiria,
          evilmike_minifort
D:10:     layout_loops_ring, mainiacjoe_overflow_two_lobes,
          mainiacjoe_overflow_large_starburst, david_orc_4
D:11:     layout_small_grid, gauntlet_entry_generic, serial_shops,
          nicolae_shop_tiny_waterfront, nicolae_gozag_zags_fifth_avenue
D:12:     layout_roguey, uniq_nessos, uniq_fannar
D:13:     layout_grid_maze, lightli_vaults_fourway_checkpoint, serial_undead,
          serial_undead_c, serial_undead_d, serial_undead_e, serial_undead_b,
          okawaru_metal_pillars_1_2
D:14:     layout_irregular_city, lemuel_blue_sif_altar
D:15:     grunt_enter_depths_giant_problem, layout_grid_maze
Lair:1:   layout_loops_ring
Lair:2:   layout_long_grid, spider_nest_entry_webs, portal_ice_cave_entry_imps
Lair:3:   layout_gridlike, minmay_shoals_entry_beasts,
          hellmonk_guarded_unrand_vines, grunt_megastairs_2
Lair:4:   layout_gridlike, nicolae_slime_entry_slimehenge,
          grunt_forest_small_clearing_treed
Lair:5:   hangedman_lair_caniforms_friends, layout_hall_layers, uniq_urug
Abyss:3:  base:
Lair:2

Skill      XL: |  1  2  3  4  5  6  7  8  9 10 11 12 13 14 15 |
---------------+----------------------------------------------+-----
Axes           | 2 3 4 5 7 8 9 10 12 13 15 16 | 16.7
Throwing       | 1 2 4 6 7 |  7.1
Fighting       | 4 5 7 9 10 11 12 13 | 13.2
Armour         | 4 5 6 7 9 10 | 10.0
Invocations    | 2 3 4 5 9 10 | 10.0
Dodging        | 1 2 3 4 |  4.0
Shields        | 4 5 6 7 8 9 |  9.0

Action                     |  1- 3 |  4- 6 |  7- 9 | 10-12 | 13-15 || total
---------------------------+-------+-------+-------+-------+-------++-------
  Melee: War axe           |   109 |   110 |   339 |   425 |   702 ||  1685
         Morningstar       |       |       |       |    16 |    19 ||    35
         Broad axe         |       |       |       |       |    88 ||    88
  Throw: Javelin           |    12 |    34 |    16 |       |   129 ||   191
         Boomerang         |       |       |    39 |    96 |    23 ||   158
 Invoke: Heroism           |       |     2 |    15 |    23 |    18 ||    58
         Finesse           |       |       |       |       |     4 ||     4
    Use: Scroll            |     2 |     3 |    14 |    12 |     4 ||    35
         Potion            |     2 |       |     1 |     3 |    18 ||    24
   Stab: Distracted        |     1 |       |       |       |       ||     1
 Armour: Scale mail        |    32 |       |       |       |       ||    32
         Chain mail        |    21 |       |       |       |    98 ||   119
         Plate armour      |     2 |    74 |   192 |   323 |       ||   591
         Robe              |       |       |       |    28 |   447 ||   475
  Dodge: Dodged            |    44 |    22 |    82 |   178 |   665 ||   991
  Block: Buckler           |    26 |    23 |    66 |   103 |   217 ||   435

Table legend:
 A = Non-vault XP
 B = Vault XP
 C = Vault XP percentage of total XP
 D = Non-vault monster count
 E = Vault monster count
 F = Vault count percentage of total count
                 A         B        C        D         E       F
            +---------+---------+-------+---------+---------+-------
      Total |   72303 |   41200 |  36.3 |     361 |     202 |  35.9
            +---------+---------+-------+---------+---------+-------
        D:1 |      34 |       0 |   0.0 |      20 |       0 |   0.0
        D:2 |      40 |       0 |   0.0 |      19 |       0 |   0.0
        D:3 |     180 |      28 |  13.5 |      27 |       8 |  22.9
        D:4 |      26 |       0 |   0.0 |       6 |       0 |   0.0
        D:5 |     412 |       0 |   0.0 |       7 |       0 |   0.0
        D:6 |    1206 |       0 |   0.0 |      23 |       0 |   0.0
        D:7 |     767 |     437 |  36.3 |      19 |       2 |   9.5
        D:8 |     767 |    3431 |  81.7 |      20 |       8 |  28.6
        D:9 |    2198 |    4068 |  64.9 |      24 |      24 |  50.0
       D:10 |    3407 |     678 |  16.6 |      22 |      13 |  37.1
       D:11 |    3724 |     873 |  19.0 |      21 |       1 |   4.5
       D:12 |    4756 |       0 |   0.0 |      13 |       0 |   0.0
       D:13 |    8165 |   11004 |  57.4 |      18 |      20 |  52.6
       D:14 |    9912 |       0 |   0.0 |      20 |       0 |   0.0
       D:15 |    5235 |       0 |   0.0 |       9 |       0 |   0.0
     Lair:1 |    1432 |       0 |   0.0 |       5 |       0 |   0.0
     Lair:2 |    7339 |     684 |   8.5 |      24 |      15 |  38.5
     Lair:3 |    4517 |    3111 |  40.8 |      10 |       5 |  33.3
     Lair:4 |    3094 |     223 |   6.7 |      12 |       8 |  40.0
     Lair:5 |   14902 |   10953 |  42.4 |      41 |      57 |  58.2
    Abyss:3 |     190 |       0 |   0.0 |       1 |       0 |   0.0
    Ossuary |       0 |    1201 | 100.0 |       0 |      32 | 100.0
   Gauntlet |       0 |    4509 | 100.0 |       0 |       9 | 100.0
            +---------+---------+-------+---------+---------+-------
